 Dungeon Crawl Stone Soup version 0.31-a0-691-g409c26aa35 (webtiles) character file.

Game seed: 11338858599316659889

505 avis the Ducker (level 6, -1/29 HPs)
             Began as a Felid Shapeshifter on Sept 6, 2023.
             Succumbed to a gnoll sergeant's poison
             ... on level 4 of the Dungeon.
             The game lasted 00:24:08 (4453 turns).

avis the Ducker (Felid Shapeshifter)                Turns: 4453, Time: 00:24:08

Health: -1/29      AC:  2    Str: 12    XL:     6   Next: 96%
Magic:  7/7        EV: 19    Int: 12    God:
Gold:   297        SH:  0    Dex: 15    Spells: 5/5 levels left
                                        Lives:  0   Deaths: 2

rFire   . .          .
                       - Unarmed
rCold   . . .        (shield unavailable)
rNeg    . . .        (body armour unavailable)
rPois   .            (helmet unavailable)
rElec   .            (cloak unavailable)
rCorr   +            (gloves unavailable)
SInv    +            (boots unavailable)
Will    .....        (no amulet)
Stlth   +            n - ring of resist corrosion
HPRegen 0.24/turn    (no ring)
MPRegen 0.10/turn

%: no passive effects
@: lethally poisoned (-1 -> -20), beast-form, quick
A: beast (slay +3), very small, claws 1, fangs 3, see invisible, speed 1, shaggy
fur 2, stealthy paws, no weapons or thrown items, no armour, multi-lived
a: Begin Untransformation


You were on level 4 of the Dungeon.
You were a hulking beast.
You visited 1 branch of the dungeon, and saw 5 of its levels.

You collected 297 gold pieces.

Inventory:

Jewellery
 n - a ring of resist corrosion (left paw)
Talismans
 b - a beast talisman (active)
 c - a flux talisman
 t - a maw talisman
Wands
 a - a wand of flame (15)
Scrolls
 e - a scroll of brand weapon {unknown}
 f - a scroll of fog {unknown}
 h - 2 scrolls of teleportation {unknown}
 i - a scroll of blinking {unknown}
 l - a scroll of poison {unknown}
 m - 3 scrolls of identify {unknown}
 r - a scroll of enchant weapon {unknown}
 u - a scroll of noise {unknown}
Potions
 g - a potion of attraction {unknown}
 j - a potion of ambrosia {unknown}
 k - 2 potions of cancellation {unknown}
 o - a potion of enlightenment {unknown}
 p - 2 potions of mutation {unknown}
 q - 2 potions of degeneration {unknown}
 s - a potion of haste {unknown}
 v - a potion of might {unknown}


   Skills:
 * Level 4.4 Fighting
 - Level 6.0 Dodging
 - Level 3.0 Unarmed Combat
 - Level 5.3 Shapeshifting


You had 5 spell levels left.
You didn't know any spells.
Your spell library was empty.

Dungeon Overview and Level Annotations

Branches:
Dungeon (5/15)
 Temple: D:4-7

Altars:
Xom


Innate Abilities, Weirdness & Mutations

You are a hulking beast.
Your limbs bulge with bestial killing power. (Slay +3)
You have sharp claws.
You have razor-sharp teeth.
You have supernaturally acute eyesight. (SInv)
You cover ground quickly. (Speed+)
You are covered in thick fur. (AC +2)
Your paws help you pounce on unaware monsters.
You are incapable of wielding weapons or throwing items.
You cannot wear armour.
You gain extra lives every three experience levels.


Message History

The gnoll sergeant is moderately wounded.
The gnoll sergeant hits you with a +1 spear of venom.
You are poisoned.
You scratch the gnoll sergeant but do no damage.
Your bite misses the gnoll sergeant.
The gnoll sergeant is moderately wounded.
You feel very sick. The gnoll sergeant misses you.
You closely miss the gnoll sergeant.
The gnoll sergeant is moderately wounded.
You feel very sick.
The gnoll sergeant completely misses you.
You scratch the gnoll sergeant but do no damage.
The gnoll sergeant is moderately wounded.
You feel sick.
The gnoll sergeant hits you with a +1 spear of venom!
* * * LOW HITPOINT WARNING * * *
You are lethally poisoned!
You feel better.
The gnoll sergeant hits you with a +1 spear of venom.
You scratch the gnoll sergeant but do no damage.
The gnoll sergeant is moderately wounded.
The gnoll sergeant barely misses you. The gnoll sergeant blocks your attack.
The gnoll sergeant is moderately wounded.
The gnoll sergeant completely misses you.
You scratch the gnoll sergeant.
The gnoll sergeant is heavily wounded.
The gnoll sergeant hits you with a +1 spear of venom.
You are poisoned.
You scratch the gnoll sergeant.
You bite the gnoll sergeant, but do no damage.
The gnoll sergeant is heavily wounded.
You feel sick.
The gnoll sergeant hits you with a +1 spear of venom!
* * * LOW HITPOINT WARNING * * *
You are more poisoned.
You claw the gnoll sergeant!
The gnoll sergeant is severely wounded.
You die...

#......#### #...........
#.........################...
#.........)........# ###.
#......#.#########.## #.
########.# #..#########
#########.# ##.......###
#.........### #######....
#...........#### #####
#............hg## #.
#.[#######..##..### #.
#..##...##..###...## #.
#..#...^.#.## ###..# #.
#........#.# ##.# #.
#.)#.....#.# #.### #.
##.##...##.# #...## #.
#.###.###.# #####).### ##.
#.........# ##....#...####[.


You could see a gnoll sergeant.

Vanquished Creatures
  A scorpion (D:4)
  An orc priest (D:5)
  A hound (D:5)
  An iguana (D:5)
  Jessica (D:2)
  Natasha (thrice) (D:3)
  3 orc wizards
  6 gnolls
  4 adders
  3 worms
  2 dart slugs
  10 orcs
  A ball python (D:4)
  4 bats
  10 endoplasms
  A giant cockroach (D:4)
  11 goblins
  3 hobgoblins
  4 jackals (D:1)
  6 kobolds
  A quokka (D:3)
  2 frilled lizards
  5 rats
84 creatures vanquished.

Notes
Turn   | Place    | Note
-------+----------+-------------------------------------------
     0 | D:1      | avis the Felid Shapeshifter began the quest for the Orb.
     0 | D:1      | Reached XP level 1. HP: 9/9 MP: 2/2
    93 | D:1      | Reached XP level 2. HP: 11/13 MP: 3/3
    95 | D:1      | Reached skill level 3 in Dodging
   307 | D:1      | Reached XP level 3. HP: 15/16 MP: 4/4
   694 | D:2      | You fall into a shaft and drop 1 floor!
   802 | D:3      | Reached XP level 4. HP: 7/19 MP: 5/5
   919 | D:2      | Slain by a worm
   928 | D:2      | Noticed Jessica
   936 | D:2      | Killed Jessica
   937 | D:2      | Reached skill level 5 in Shapeshifting
  2054 | D:3      | Found a faded altar of an unknown god.
  2086 | D:3      | Reached XP level 5. HP: 22/23 MP: 6/6
  2475 | D:3      | Noticed Natasha
  2485 | D:3      | Killed Natasha
  2587 | D:3      | Noticed Natasha
  2598 | D:3      | Killed Natasha
  2599 | D:3      | Reached skill level 4 in Dodging
  2923 | D:3      | Noticed Natasha
  2951 | D:3      | Killed Natasha
  3289 | D:4      | Found a shimmering altar of Xom.
  3578 | D:4      | Reached skill level 5 in Dodging
  3578 | D:4      | Gained mutation: You are covered in thick fur. (AC +2)
                  | [Felid growth]
  3578 | D:4      | Reached XP level 6. HP: 28/28 MP: 7/7
  3602 | D:5      | Entered Level 5 of the Dungeon
  3689 | D:5      | Reached skill level 6 in Dodging
  3818 | D:5      | Noticed an ice beast
  4421 | D:4      | Succumbed to a gnoll sergeant's poison
  4453 | D:4      | Succumbed to a gnoll sergeant's poison

Illustrated notes

Levels and vault maps discovered:
D:1:      minmay_arrival_loop, layout_rooms
D:2:      layout_basic, uniq_jessica
D:3:      layout_basic, ebering_ecumenical_altar_box, uniq_natasha
D:4:      layout_rooms, xom_teletrap_fun, kennysheep_minor_cross,
          minmay_misc_feat_enclosed
D:5:      layout_loops_ring, mainiacjoe_overflow_concentric_impassable,
          general_overflow_altar, uniq_crazy_yiuf_cottage, uniq_duvessa

Skill      XL: |  1  2  3  4  5  6 |
---------------+-------------------+-----
Fighting       | 2 3 4 |  4.4
Dodging        | 3 5 6 |  6.0
Shapeshifting  | 4 5 |  5.3
Unarmed Combat | |  3.0

Action                     |  1- 3 |  4- 6 || total
---------------------------+-------+-------++-------
  Melee: Unarmed           |    83 |   193 ||   276
         Bite              |     6 |    16 ||    22
         Punch             |     2 |     3 ||     5
  Evoke: Wand              |       |     3 ||     3
    Use: Potion            |       |     3 ||     3
   Stab: Sleeping          |       |     3 ||     3
 Armour: Skin              |    22 |    60 ||    82
  Dodge: Dodged            |    37 |   108 ||   145

Table legend: (Time is in decaauts)
 A = Elapsed time spent in this place.
 B = Non-inter-level travel time spent in this place.
 C = Inter-level travel time spent in this place.
 D = Time resting spent in this place.
 E = Time spent auto-exploring this place.
 F = Levels seen in this place.
 G = Mean time per level.
                   A        B        C        D        E       F      G
               +--------+--------+--------+--------+--------+-----+--------+
         Total |   3823 |   3523 |    300 |    813 |   1597 |   5 |  764.6 |
       Dungeon |   3823 |   3523 |    300 |    813 |   1597 |   5 |  764.6 |
               +--------+--------+--------+--------+--------+-----+--------+

Top non-repeatable levels by time:
     D:3: 1231 daAuts
     D:4: 814 daAuts
     D:2: 807 daAuts
     D:1: 645 daAuts
     D:5: 325 daAuts
